 Dungeon Crawl Stone Soup version 0.21-a0-104-g7b58145 (webtiles) character file.

1856 HAL9000 the Covered (level 8, -1/74 HPs)
             Began as a Minotaur Fighter on July 5, 2017.
             Was a Believer of Okawaru.
             Slain by an orc warrior
             ... wielding a +0 mace
              (14 damage)
             ... on level 6 of the Dungeon.
             The game lasted 00:09:18 (6454 turns).

HAL9000 the Covered (Minotaur Fighter)              Turns: 6454, Time: 00:09:18

Health: -1/74      AC: 12    Str: 23    XL:     8   Next: 89%
Magic:  7/7        EV:  8    Int:  5    God:    Okawaru [**....]
Gold:   376        SH: 11    Dex: 10    Spells: 7/7 levels left

rFire    . . .     SeeInvis .   a - +0 long sword
rCold    . . .     Gourm    .   c - +0 shield
rNeg     . . .     Faith    .   b - +0 scale mail
rPois    .         Spirit   .   (helmet restricted)
rElec    .         Reflect  .   w - +0 cloak
rCorr    .         Harm     .   O - +0 pair of gloves
MR       .....                  k - +0 pair of boots
Stlth    ..........             y - amulet of rage
HPRegen  0.22/turn              (no ring)
MPRegen  0.10/turn              (no ring)

@: no status effects
A: retaliatory headbutt, horns 2
a: Heroism, Renounce Religion, Evoke Berserk Rage


You were on level 6 of the Dungeon.
You worshipped Okawaru.
Okawaru was pleased with you.
You were not hungry.

You visited 1 branch of the dungeon, and saw 7 of its levels.

You collected 451 gold pieces.
You spent 75 gold pieces at shops.

Inventory:

Hand Weapons
 a - a +0 long sword (weapon)
Missiles
 l - 11 tomahawks (quivered)
 p - 5 javelins
Armour
 b - a +0 scale mail (worn)
 c - a +0 shield (worn)
 k - a +0 pair of boots (worn)
 w - a +0 cloak (worn)
 O - a +0 pair of gloves (worn)
Jewellery
 y - an amulet of rage (around neck)
Wands
 r - a wand of flame (0/48)
 E - a wand of polymorph (8/24)
Scrolls
 i - 3 scrolls of remove curse
 j - a scroll of immolation {unknown}
 v - 2 scrolls of fear {unknown}
 x - a scroll of identify
 B - 2 scrolls of enchant weapon {unknown}
 D - 3 scrolls of magic mapping {unknown}
 G - a scroll of teleportation {unknown}
 L - a scroll of noise {unknown}
 M - a scroll of enchant armour {unknown}
Potions
 d - 3 potions of might
 o - 2 potions of heal wounds
 q - 4 potions of agility
 u - 5 potions of curing
 I - a potion of haste
 J - a potion of brilliance
 P - a potion of flight {unknown}
Books
 H - a book of Necromancy

   Spells                             Type                      Level
   a - Pain                           Necromancy                   1
   b - Animate Skeleton               Necromancy                   1
   c - Vampiric Draining              Necromancy                   3
   d - Regeneration                   Charms/Necromancy            3
   e - Animate Dead                   Necromancy                   4
   f - Control Undead                 Necromancy                   4
Comestibles
 f - 3 bread rations
 m - 6 meat rations
 R - a royal jelly


   Skills:
 + Level 7.7 Fighting
 + Level 7.4 Long Blades
 + Level 7.8 Armour
 + Level 7.8 Shields


You had 7 spell levels left.
You didn't know any spells.

Dungeon Overview and Level Annotations

Branches:
Dungeon (7/15)             Temple (0/1) D:6

Altars:
Ashenzari
Cheibriados
Makhleb
Okawaru
Ru
Xom

Shops:
D:6 *


Innate Abilities, Weirdness & Mutations

You reflexively headbutt those who attack you in melee.
You have a pair of horns on your head.


Message History

You climb upwards.
There is a stone staircase leading down here.
Unknown command.
You hit the orc warrior but do no damage.
You headbutt the orc warrior, but do no damage.
The orc warrior hits you with a mace!
* * * LOW HITPOINT WARNING * * *
You slash the orc warrior!
The orc warrior is moderately wounded.
The orc warrior closely misses you. You furiously retaliate!
You headbutt the orc warrior!
You riposte.
You barely miss the orc warrior.
The orc warrior is heavily wounded.
Unknown command.
Your scale mail prevents you from hitting the orc warrior.
The orc warrior is heavily wounded.
The orc warrior hits you but does no damage.
You hit the orc warrior.
The orc warrior is severely wounded.
The orc warrior hits you with a mace!
You die...

#>.###########
#8...........#
#####........##
#.......... #........#.
####### #####.####.
#.....### #<# #.
#...o...######.##### ###
#..@..#............#
#.####..............###.#
#...##.............[##...
#.#.##...................
#.#.##...................
#.#.##..............##..#
#.#.##....[.............#
#...#########...........#
#.........####........)..


You could see an orc warrior.

Vanquished Creatures
  Joseph (D:7)
  Edmund (D:5)
  2 ice beasts (D:7)
  An ogre (D:6)
  A bullfrog (D:6)
  A gnoll sergeant (D:6)
  4 scorpions
  A crimson imp (D:7)
  2 quasits (D:7)
  A hound (D:5)
  A jelly (D:5)
  3 orc priests
  5 orc wizards
  An iguana (D:5)
  Jessica (D:2)
  Natasha (thrice) (D:2)
  4 worker ants
  A hound zombie (D:5)
  2 hound skeletons (D:4)
  7 adders
  5 gnolls (D:6)
  An adder skeleton (D:5)
  A worm (D:5)
  A dart slug (D:1)
  5 leopard geckos
  13 orcs
  7 giant cockroaches
  4 goblins
  6 hobgoblins
  7 kobolds
  9 bats
  4 frilled lizards
  A jackal zombie (D:7)
  A quokka skeleton (D:4)
  5 rats
113 creatures vanquished.

Vanquished Creatures (others)
  5 dream sheep (D:3)
  A fungus (D:4)
6 creatures vanquished.

Grand Total: 119 creatures vanquished

Notes
Turn   | Place    | Note
-------+----------+-------------------------------------------
     0 | D:1      | HAL9000 the Minotaur Fighter began the quest for the Orb.
     0 | D:1      | Reached XP level 1. HP: 19/19 MP: 0/0
   506 | D:1      | Reached XP level 2. HP: 27/27 MP: 1/1
   906 | D:2      | Noticed Jessica
   907 | D:2      | Noticed Natasha
   908 | D:2      | Noticed a crimson imp
   909 | D:2      | Noticed a crimson imp
   910 | D:2      | Killed Jessica
   910 | D:2      | Reached XP level 3. HP: 33/33 MP: 2/2
   914 | D:2      | Killed Natasha
   918 | D:2      | Reached XP level 4. HP: 35/40 MP: 3/3
  1088 | D:2      | Noticed Natasha
  1097 | D:2      | Killed Natasha
  1566 | D:2      | Noticed Natasha
  1572 | D:2      | Killed Natasha
  1778 | D:2      | Reached XP level 5. HP: 39/47 MP: 4/4
  1874 | D:3      | Found a burning altar of Makhleb.
  1874 | D:3      | Found a shattered altar of Ashenzari.
  1879 | D:3      | Found an iron altar of Okawaru.
  1881 | D:3      | Found a sacrificial altar of Ru.
  1883 | D:3      | Found a snail-covered altar of Cheibriados.
  1886 | D:3      | Became a worshipper of Warmaster Okawaru
  2145 | D:3      | Found a shimmering altar of Xom.
  2145 | D:3      | Noticed a dream sheep
  2145 | D:3      | Noticed a dream sheep
  2145 | D:3      | Noticed a dream sheep
  2145 | D:3      | Noticed a dream sheep
  2145 | D:3      | Noticed a dream sheep
  2150 | D:3      | Killed a dream sheep
  2150 | D:3      | Killed a dream sheep
  2150 | D:3      | Killed a dream sheep
  2150 | D:3      | Killed a dream sheep
  2151 | D:3      | Killed a dream sheep
  2869 | D:4      | Reached skill level 5 in Shields
  2870 | D:4      | Reached skill level 5 in Fighting
  2870 | D:4      | Reached skill level 5 in Armour
  3045 | D:4      | Reached XP level 6. HP: 54/56 MP: 5/5
  3592 | D:5      | Entered Level 5 of the Dungeon
  3595 | D:5      | Noticed Edmund
  3610 | D:5      | Killed Edmund
  3610 | D:5      | Reached skill level 5 in Long Blades
  3610 | D:5      | Reached XP level 7. HP: 38/61 MP: 6/6
  3788 | D:5      | Reached * piety under Okawaru
  4576 | D:6      | Found Fuegh's Assorted Antiques.
  4820 | D:6      | Bought a scroll labeled ZOREWY BIHYF for 25 gold pieces
  4820 | D:6      | Bought a scroll labeled KOR ZESTRUUPT for 25 gold pieces
  4820 | D:6      | Bought a scroll labeled ZIVOOB JINIONT for 25 gold pieces
  4899 | D:6      | Reached XP level 8. HP: 47/71 MP: 7/7
  5073 | D:6      | Found a staircase to the Ecumenical Temple.
  5451 | D:7      | Reached ** piety under Okawaru
  5508 | D:7      | Noticed Joseph
  5525 | D:7      | Killed Joseph
  6454 | D:6      | Slain by an orc warrior

Vault maps used:
D:1:      minmay_arrival_three_doors
D:2:      uniq_jessica, uniq_natasha
D:3:      chequers_temple_overflow_minitemple, kb_xom_exploding_sheep
D:4:      old_forge
D:5:      first_bread, uniq_edmund
D:6:      temple_statues, serial_shops, shop_fountains
D:7:      uniq_joseph

Skill      XL: |  1  2  3  4  5  6  7  8 |
---------------+-------------------------+-----
Fighting       | 4 5 6 7 |  7.7
Long Blades    | 3 4 5 6 7 |  7.4
Armour         | 4 5 6 7 |  7.8
Shields        | 4 5 6 7 |  7.8

Action                   |  1- 3 |  4- 6 |  7- 9 || total
-------------------------+-------+-------+-------++-------
Melee: Long sword        |    38 |   147 |   167 ||   352
       Headbutt          |     6 |    25 |    30 ||    61
Throw: Tomahawk          |       |     4 |       ||     4
 Abil: Evoke Berserk Rag |       |       |     1 ||     1
  Use: Scroll            |       |       |     8 ||     8
       Potion            |       |       |     1 ||     1
  Eat: Chunk             |       |     8 |    11 ||    19
Armor: Scale mail        |    15 |    60 |    76 ||   151
Dodge: Dodged            |    10 |    41 |    54 ||   105
Block: Shield            |    19 |    71 |   101 ||   191
       Rpst.: Long sword |     4 |     7 |    19 ||    30
